Map: Prion Terraces

Players

Miszu - Winner!

  • Race: Terran Terran
  • League: Master

SmelC

  • Race: Zerg Zerg
  • League: Master

VOD

Have the link to the VOD?

Description

Time

  • Played on: April 10, 2016, 10:52 a.m.
  • Length: 10:02
Show
View Real Time Build Order
Export as new Build Order

Miszu Terran - Winner!

Build Orders: MMM Bio, Banshee Rush 

Get SALT Encoding   

  12  0:00  SCV  
  13  0:12  SCV  
  14  0:17  Supply Depot  
  14  0:24  SCV  
  15  0:38  SCV  
  15  0:40  Barracks  
  16  0:45  Refinery  
  16  0:50  SCV  
  17  1:03  SCV  
  18  1:15  SCV  
  19  1:27  SCV  
  19  1:31  Barracks Reactor  
  20  1:34  Command Center  
  20  1:42  Orbital Command  
  20  1:50  Supply Depot  
  20  2:07  Factory  
  20  2:08  Marine x2  
  22  2:10  SCV  
  23  2:19  Refinery  
  23  2:22  SCV  
  24  2:25  Marine x2  
  26  2:34  SCV  
  27  2:43  Marine  
  27  2:44  Marine  
  29  2:45  Orbital Command  
  29  2:46  SCV  
  30  2:53  Starport  
  30  2:54  Factory Tech Lab  
  30  3:00  SCV  
  31  3:12  SCV x2  
  33  3:13  Bunker  
  33  3:24  SCV  
  33  3:25  SCV  
  35  3:36  Cloaking Field, SCV, Banshee  
  35  3:37  SCV  
  40  3:45  Factory Tech Lab  
  41  3:48  SCV  
  41  3:50  Command Center  
  41  3:52  SCV  
  42  3:59  Supply Depot  
  42  4:00  SCV  
  43  4:04  SCV  
  43  4:07  Supply Depot  
  44  4:11  Barracks  
  44  4:12  Barracks  
  44  4:13  SCV  
  44  4:16  SCV  
  46  4:19  Refinery x2  
  46  4:21  Marine x2  
  48  4:25  Banshee  
  48  4:26  SCV  
  48  4:28  SCV  
  53  4:38  SCV  
  54  4:40  Engineering Bay, SCV  
  54  4:41  Engineering Bay  
  54  4:45  Siege Tank  
  58  4:50  SCV  
  58  4:52  SCV  
  60  5:02  SCV  
  61  5:09  Barracks Tech Lab  
  61  5:10  Barracks Tech Lab, SCV  
  61  5:13  Terran Infantry Weapons Level 1, Terran Infantry Armor Level 1  
  63  5:14  SCV, Orbital Command  
  63  5:22  SCV  
  63  5:26  SCV  
  65  5:30  Stimpack, Combat Shields  
  65  5:32  Siege Tank  
  65  5:34  SCV  
  69  5:35  Marine  
  69  5:36  Marine x3  
  69  5:37  Barracks  
  69  5:38  Barracks, SCV  
  75  5:43  Starport Reactor  
  75  5:46  SCV  
  75  5:52  SCV  
  75  5:53  Marine  
  77  6:09  Marine x3  
  77  6:10  Supply Depot x2, Siege Tank, SCV x2  
  85  6:12  Armory  
  85  6:17  Supply Depot  
  85  6:30  Supply Depot  
  85  6:31  Barracks Reactor, Marine x4, Medivac x2, SCV x2  
  96  6:33  Supply Depot  
  96  6:34  Supply Depot  
  96  6:36  Barracks Reactor, Missile Turret  
  95  6:40  Missile Turret  
  95  6:42  Missile Turret  
  95  6:43  SCV, Orbital Command  
  95  6:44  SCV  
  97  6:49  Marine x4  
  97  6:50  Siege Tank  
  101  6:55  SCV  
  101  6:56  SCV  
  101  6:57  Supply Depot  
  103  7:01  Medivac x2  
  103  7:07  Marine x2  
  103  7:08  Supply Depot, SCV  
  110  7:09  Supply Depot  
  110  7:13  SCV x2  
  112  7:16  Terran Infantry Weapons Level 2  
  112  7:20  Bunker, SCV  
  113  7:23  Terran Infantry Armor Level 2  
  113  7:25  SCV x2  
  115  7:32  SCV  
  115  7:33  Marine x2, Missile Turret  
  115  7:34  Marine x2  
  115  7:35  Medivac  
  123  7:37  SCV x2  
  124  7:44  Refinery, SCV  
  124  7:46  Supply Depot  
  124  7:51  Supply Depot  
  125  7:52  Supply Depot, Marine  
  125  7:53  Marine x7  
  125  7:54  Thor  
  139  8:04  Command Center  
  139  8:10  Marine  
  139  8:11  Marauder  
  135  8:19  Marine  
  121  8:20  Marine x3  
  121  8:23  Marine, Marauder  
  127  8:28  Marine, Medivac x2  
  127  8:32  Marine, Barracks x2  
  133  8:34  Barracks  
  133  8:37  Marine  
  133  8:38  Marine x3  
  133  8:41  Marine  
  141  8:45  Marine, Marauder  
  141  8:50  Marauder, Siege Tank, Missile Turret  
  141  8:55  Marine x2  
  147  9:06  Marauder  
  148  9:10  Marine x2  
  148  9:11  Marine x2, Medivac x2  
  148  9:12  Marauder  
  148  9:13  Marine  
  158  9:17  Marine  
  158  9:20  Barracks Tech Lab  
  158  9:21  Barracks Reactor, Barracks Tech Lab  
  159  9:27  Marine, Marauder  
  159  9:28  Marine  
  163  9:33  Marauder  
  163  9:36  Marine  
  163  9:37  Marine x3  
  169  9:42  Marine  
Show
View Real Time Build Order
Export as new Build Order

SmelC Zerg 

Build Orders: Hatch First 

Get SALT Encoding   

  12  0:00  Drone  
  13  0:12  Overlord  
  13  0:16  Drone  
  14  0:30  Drone  
  14  0:31  Drone  
  16  0:35  Drone  
  17  0:52  Hatchery  
  17  0:54  Drone  
  17  1:03  Extractor  
  16  1:12  Spawning Pool  
  16  1:14  Drone  
  16  1:18  Drone  
  17  1:21  Drone  
  18  1:28  Drone  
  19  1:39  Overlord  
  19  1:58  Queen  
  19  1:59  Zergling x2  
  22  2:04  Queen  
  22  2:05  Metabolic Boost  
  24  2:09  Zergling x2  
  24  2:11  Drone  
  24  2:14  Drone  
  27  2:16  Drone  
  27  2:22  Drone  
  29  2:26  Drone  
  30  2:32  Overlord  
  30  2:37  Queen  
  30  2:38  Drone  
  30  2:44  Drone  
  34  2:47  Drone  
  35  2:54  Drone  
  35  2:58  Drone  
  37  3:03  Hatchery  
  37  3:05  Overlord  
  36  3:07  Drone x2  
  38  3:14  Drone x3  
  38  3:16  Drone  
  38  3:17  Drone  
  38  3:19  Drone  
  44  3:22  Extractor x2  
  44  3:24  Overlord  
  42  3:27  Drone  
  42  3:33  Lair  
  43  3:36  Evolution Chamber  
  43  3:39  Drone  
  43  3:41  Evolution Chamber  
  42  3:43  Baneling Nest, Drone  
  42  3:47  Drone  
  43  3:49  Drone x2  
  44  3:57  Zergling x6  
  47  4:03  Overlord  
  47  4:05  Drone  
  47  4:06  Zerg Melee Weapons Level 1  
  48  4:14  Drone x3  
  48  4:15  Drone x2  
  53  4:18  Drone  
  53  4:19  Drone x2  
  53  4:20  Drone  
  57  4:28  Overlord  
  57  4:32  Zerg Ground Armor Level 1  
  57  4:37  Zergling x6  
  60  4:39  Spire  
  60  4:42  Drone x2  
  61  4:46  Overseer  
  61  4:48  Overlord  
  61  4:52  Overlord  
  61  5:00  Drone x4  
  61  5:01  Drone x2  
  64  5:12  Overlord  
  61  5:23  Overlord  
  61  5:26  Overlord  
  60  5:32  Zergling x2  
  60  5:33  Zergling x12  
  67  5:36  Centrifical Hooks  
  67  5:40  Overlord  
  65  5:44  Overseer  
  65  5:47  Overlord  
  61  5:50  Drone x2  
  61  5:52  Drone  
  62  5:57  Drone  
  62  6:00  Drone  
  62  6:01  Drone x2  
  62  6:02  Drone  
  62  6:03  Drone  
  65  6:07  Zerg Flyer Weapons Level 1, Zerg Melee Weapons Level 2  
  65  6:08  Corruptor x2  
  69  6:15  Extractor  
  69  6:17  Drone x3  
  71  6:19  Corruptor  
  71  6:21  Extractor  
  71  6:32  Corruptor  
  73  6:38  Drone x3  
  73  6:39  Drone x2  
  76  6:42  Drone x2  
  76  6:45  Drone x2  
  76  6:46  Drone  
  77  6:49  Drone  
  75  6:57  Drone x2  
  75  7:01  Pneumatized Carapace  
  77  7:02  Drone  
  77  7:03  Drone x2  
  77  7:08  Zergling x4  
  82  7:10  Zerg Ground Armor Level 2  
  82  7:15  Zergling x4  
  82  7:17  Hatchery  
  82  7:18  Corruptor  
  85  7:33  Zergling x2  
  85  7:34  Zergling x14  
  93  7:42  Zergling x8  
  97  7:44  Baneling x9  
  97  7:45  Baneling x4  
  97  7:49  Zergling x6  
  97  7:50  Zergling x4  
  102  7:52  Baneling x2  
  102  7:53  Baneling x3  
  102  7:54  Zergling x2  
  102  8:02  Zergling x2  
  102  8:03  Zergling x10  
  85  8:21  Zergling x18  
  92  8:28  Zergling x4  
  92  8:31  Zergling x6  
  97  8:36  Zergling x6  
  97  8:37  Zergling x2  
  101  8:47  Zergling x10  
  106  8:48  Baneling x2  
  106  8:52  Baneling x3  
  106  8:53  Baneling  
  106  8:54  Zergling x4  
  107  9:01  Zergling x6  
  107  9:02  Zergling x6  
  109  9:04  Zergling x4  
  109  9:06  Baneling  
  109  9:07  Baneling x2  
  103  9:15  Zergling x10  
  103  9:16  Zergling x2  
  107  9:17  Zergling x2  
  107  9:18  Zergling x6  
  108  9:26  Hatchery  
  108  9:29  Zergling x2  
  108  9:30  Zergling x12, Baneling  
  112  9:31  Baneling x16  
  112  9:32  Infestation Pit, Baneling x2  
  112  9:38  Zergling x8  
  111  9:39  Zergling x2  
  111  9:41  Zergling x4  
  111  9:42  Baneling x3  
Tags
 
Composition
MMM Bio
Matchup
TvZ
Strategy
Banshee Rush
Add a new tag
Caveats
  • Supply blocks, unpowered buildings, or Contaminate may cause inaccurate times.
  • Supply counts are checked every 10 seconds.